 Dungeon Crawl Stone Soup version 0.24.0-123-gd5b16e6ec5 (webtiles) character file.

Game seed: 7082237901781508444, levelgen mode: deterministic

91318 jung the Impaler (level 16, -10/141 HPs)
             Began as a Merfolk Gladiator on Jan 27, 2020.
             Was a Priest of Uskayaw.
             Mangled by a shambling mangrove (16 damage)
             ... on level 2 of the Lair of Beasts on Jan 28, 2020.
             The game lasted 01:33:13 (40573 turns).

jung the Impaler (Merfolk Gladiator)               Turns: 40573, Time: 01:33:13

Health: -10/141    AC: 30    Str: 19    XL:     16   Next: 3%
Magic:  0/33       EV:  7    Int:  8    God:    Uskayaw [***...]
Gold:   463        SH: 26    Dex: 16    Spells: 7/15 levels left

rFire    . . .     SeeInvis .   a - +3 trident
rCold    . . .     Gourm    .   x - +10 large shield of Ignorance {rN+ Int-4}
rNeg     + . .     Faith    .   z - +0 swamp dragon scales
rPois    +         Spirit   +   c - +1 helmet
rElec    .         Reflect  .   O - +2 cloak
rCorr    .         Harm     .   X - +0 pair of gloves
MR       +....                  Y - +2 pair of boots {Fly}
Stlth    +.........             V - amulet "Zequffir" {Spirit Int+3}
HPRegen  0.33/turn              k - ring of magical power
MPRegen  0.23/turn              u - +5 ring of protection

@: about to teleport, grasped by roots, flying, constricted
A: change form in water, swift swim, stealthy swim, thin metallic scales 1,
robust 1, evolution 1, MP-powered wands
a: Stomp, Line Pass, Renounce Religion, Stop Flying


You were on level 2 of the Lair of Beasts.
You worshipped Uskayaw.
Uskayaw was aware of your devotion.
You were near starving.

You visited 4 branches of the dungeon, and saw 21 of its levels.
You visited 1 bazaar.
You also visited: Ossuary.

You collected 3062 gold pieces.
You spent 2599 gold pieces at shops.

Inventory:

Hand Weapons
 a - a +3 trident (weapon)
 y - a +0 hand axe of flaming
Missiles
 d - 4 throwing nets
 e - 7 silver javelins
 i - 58 poisoned darts (quivered)
 r - 10 javelins
 K - 64 boomerangs
Armour
 c - a +1 helmet (worn)
 p - a +2 scale mail of fire resistance
 x - the +10 large shield of Ignorance (worn) {rN+ Int-4}
   (You bought it in a shop in a bazaar)

   It affects your intelligence (-4).
   It protects you from negative energy.
 z - +0 swamp dragon scales (worn)
 M - the +7 chain mail "Ufrom" {Str+6 Int-4}
   (You bought it in a shop on level 2 of the Orcish Mines)

   It affects your strength (+6).
   It affects your intelligence (-4).
 O - a +2 cloak (worn)
 X - a +0 pair of gloves (worn)
 Y - a +2 pair of boots of flying (worn)
Jewellery
 g - an uncursed ring of resist corrosion
 k - a ring of magical power (left hand)
 u - a +5 ring of protection (right hand)
 G - an uncursed ring of ice
 T - a +4 ring of strength
 V - the amulet "Zequffir" (around neck) {Spirit Int+3}
   (You found it on level 3 of the Lair of Beasts)

   [amulet of guardian spirit]

   It causes incoming damage to be split between your health and magic.
   It affects your intelligence (+3).
Wands
 A - a wand of iceblast (18)
 Q - a wand of paralysis (13)
 R - a wand of polymorph (12)
 U - a wand of acid (12)
Scrolls
 b - a scroll of fear
 l - 4 scrolls of teleportation
 q - 6 scrolls of fog
 s - 13 scrolls of remove curse
 w - 5 scrolls of enchant armour
 C - 7 scrolls of magic mapping
 P - 5 scrolls of immolation
Potions
 h - a potion of lignification
 j - a potion of haste
 m - 2 potions of magic
 n - 4 potions of flight
 o - 4 potions of brilliance
 t - 10 potions of curing
 v - 3 potions of might
 B - 2 potions of ambrosia
 D - a potion of cancellation
 E - a potion of agility
 L - a potion of berserk rage
 S - a potion of resistance
 W - 3 potions of invisibility
Miscellaneous
 F - a lamp of fire
 H - a sack of spiders
 N - a phial of floods
Comestibles
 I - 29 rations


   Skills:
 + Level 12.8 Fighting
 + Level 1.3(7.1) Axes
 - Level 17.1(17.2) Polearms
 + Level 8.1 Throwing
 * Level 14.3 Armour
 - Level 4.2 Dodging
 + Level 7.5 Shields
 - Level 11.0 Invocations
 + Level 2.6 Evocations


You had 7 spell levels left.
You knew the following spells:

 Your Spells              Type           Power        Failure   Level  Hunger
a - Song of Slaying       Chrm           #.......     100%        2    ###....
b - Blink                 Tloc           N/A          100%        2    ###....
c - Regeneration          Chrm/Necr      #.........   100%        3    ####...
d - Apportation           Tloc           #.....       99%         1    ##.....

Your spell library contained the following spells:

 Spells                   Type           Power        Failure   Level  Hunger
 Animate Skeleton         Necr           N/A          99%         1    ##.....
 Beastly Appendage        Tmut           #.....       99%         1    ##.....
 Confusing Touch          Hex            #.....       99%         1    ##.....
 Infusion                 Chrm           #...         99%         1    ##.....
 Magic Dart               Conj           #...         99%         1    ##.....
 Summon Small Mammal      Summ           #...         99%         1    ##.....
 Call Imp                 Summ           #.......     100%        2    ###....
 Poisonous Vapours        Pois/Air       #.....       100%        2    ###....
 Shroud of Golubria       Chrm/Tloc      #.....       100%        2    ###....
 Slow                     Hex            #.......     100%        2    ###....
 Sticks to Snakes         Tmut           #.......     100%        2    ###....
 Conjure Flame            Conj/Fire      #.......     100%        3    ####...
 Mephitic Cloud           Conj/Pois/Air  #.......     100%        3    ####...
 Spectral Weapon          Hex/Chrm       #.......     100%        3    ####...
 Spider Form              Tmut/Pois      #.........   100%        3    ####...
 Ice Form                 Ice/Tmut       #.......     100%        4    #####..
 Blade Hands              Tmut           #.........   100%        5    ######.
 Freezing Cloud           Conj/Ice/Air   #.........   100%        6    #######
 Ring of Flames           Chrm/Fire      #.........   100%        7    #######


Dungeon Overview and Level Annotations

Branches:
Dungeon (12/15)            Temple (0/1) D:6            Lair (6/6) D:9
  Swamp (1/4) Lair:2        Snake (0/4) Lair:3        Slime (0/5) Lair:6
    Orc (2/2) D:11            Elf (0/3) Orc:2       Ossuary (visited)

Altars:
Gozag
Ru
Sif Muna
Trog
Uskayaw
Wu Jian
Yredelemnul
Beogh
Jiyva

Shops:
D:7 :   D:11 !   D:12 [   Orc:2 }:[(

Annotations:
D:3 exclusion: downstairs
D:4 Blork the orc
D:9 exclusion: downstairs
D:10 exclusion: 2 downstairs
D:11 exclusion: downstairs
Lair:1 exclusion: 3 oklob plants
Lair:3 exclusion: downstairs
Lair:6 1 runed translucent door


Innate Abilities, Weirdness & Mutations

You revert to your normal form in water.
You are very nimble and swift while swimming.
You are very stealthy in the water. (Stealth+)
You are partially covered in thin metallic scales. (AC +2)
You are robust. (+10% HP)
You evolve.
You expend magic power (3 MP) to strengthen your wands.


Message History

* * * LOW HITPOINT WARNING * * *
The grasping roots constrict you!
Uskayaw prepares the audience for your solo!
The helpless shambling mangrove fails to defend itself.
You hit the shambling mangrove.
The shambling mangrove is lightly damaged.
The grasping roots constrict you.
The helpless shambling mangrove fails to defend itself.
You hit the shambling mangrove but do no damage.
The shambling mangrove is lightly damaged.
The shambling mangrove is no longer paralysed.
You puncture the shambling mangrove!
The shambling mangrove is moderately damaged.
The tyrant leech is no longer paralysed.
You block the shambling mangrove's attack.
* * * LOW HITPOINT WARNING * * *
The grasping roots constrict you!
You feel much better. The shambling mangrove hits you!!
* * * LOW HITPOINT WARNING * * *
You die...

##..##...............###....###.
#..##........................#.
###.....................<........
#.....................##...##....
................w.....#....##..##
...#..#...............#....#..#.P
....#.##....#..§§§...............
....P.........§§§§...........(...
......##÷.....§§@§....##...#.....
........÷...#..§§f§§####.).#..###
............##..§§§## #....(###.
............###..§..####.........
....#.#.....#P#.....##.####....P.
....#..#...........###.........#.
....#.............^..............
....##..##...####................
....##.###...P##P................


You could see a shambling mangrove and a tyrant leech (fleeing).

Vanquished Creatures
  Jorgrun (Swamp:1)
  A thorn hunter (Swamp:1)
  Gastronok (Lair:1)
  An orc warlord (Orc:1)
  A spark wasp (shapeshifter) (D:11)
  Snorg (D:11)
  An ettin (Orc:1)
  Harold (D:10)
  10 hydras
  3 catoblepae (Lair:6)
  2 centaur warriors (D:11)
  2 alligators (Swamp:1)
  3 two-headed ogres
  An ogre mage (D:11)
  13 death yaks (Lair:6)
  Urug (Lair:3)
  An orc high priest (Orc:2)
  Nergalle (D:10)
  3 swamp dragons (Swamp:1)
  4 orc knights
  An ugly thing (D:11)
  A cyclops (D:11)
  3 orc sorcerers
  4 manticores
  Maurice (D:9)
  2 torpor snails (Lair:6)
  6 black mambas
  16 elephants
  A gargoyle (D:12)
  3 centaur skeletons
  4 spiny frogs
  14 rime drakes
  5 komodo dragons
  3 meliai (D:12)
  A polar bear (Lair:6)
  9 trolls
  3 tyrant leeches (Swamp:1)
  3 hornets
  3 bog bodies (Swamp:1)
  10 slime creatures (Swamp:1)
  7 blink frogs
  3 dream sheep (Lair:6)
  2 spriggans
  Sigmund (D:4)
  3 shadows
  3 wyverns
  6 hippogriffs
  Eustachio (D:4)
  2 hungry ghosts
  2 basilisks (Lair:2)
  5 steam dragons
  51 yaks
  Grum (D:11)
  3 wargs
  5 swamp worms (Swamp:1)
  3 soldier ants
  An acid dragon (D:11)
  8 water moccasins
  5 porcupines
  3 sky beasts
  33 orc warriors
  2 ice beasts
  2 necrophages
  A black bear (D:6)
  6 phantoms
  3 centaurs
  16 ogres
  13 wolves
  15 crocodiles
  A big kobold (D:8)
  An elf zombie (Ossuary)
  14 bullfrogs
  5 scorpions
  8 killer bees
  7 wights
  2 electric eels
  3 crimson imps
  3 bullfrog zombies
  6 centaur zombies
  4 hounds
  4 jellies
  23 orc wizards
  19 orc priests
  A bullfrog skeleton (D:4)
  Jessica (D:2)
  Natasha (thrice) (D:3)
  3 iguanas
  17 worker ants
  Terence (D:2)
  3 ogre zombies (Ossuary)
  A hound skeleton (D:5)
  2 hound zombies
  7 mummies (Ossuary)
  A howler monkey zombie (D:9)
  Robin (D:2)
  6 gnolls
  10 adders
  2 shadow imps
  2 oozes
  An adder skeleton (D:8)
  6 adder zombies (Ossuary)
  2 worms
  A leopard gecko (D:7)
  90 orcs
  3 giant cockroaches
  10 goblins
  8 hobgoblins
  15 jackals
  11 kobolds
  5 quokkas
  8 bats
  5 frilled lizards
  5 goblin zombies (Ossuary)
  5 hobgoblin zombies (Ossuary)
  2 jackal skeletons
  A kobold zombie (Ossuary)
  A leopard gecko skeleton (D:6)
  2 quokka skeletons (D:5)
  5 quokka zombies
  3 rats
  3 rat zombies (Ossuary)
704 creatures vanquished.

Vanquished Creatures (collateral kills)
  An ugly thing (D:11)
  A wyvern (D:11)
2 creatures vanquished.

Vanquished Creatures (others)
  A crimson imp (D:12)
  2 briar patches (Swamp:1)
  27 fungi
  13 plants
43 creatures vanquished.

Grand Total: 749 creatures vanquished

Notes
Turn   | Place    | Note
-------+----------+-------------------------------------------
     0 | D:1      | jung the Merfolk Gladiator began the quest for the Orb.
     0 | D:1      | Reached XP level 1. HP: 16/16 MP: 1/1
   261 | D:1      | Reached XP level 2. HP: 22/22 MP: 2/2
   354 | D:1      | Reached skill level 5 in Polearms
   554 | D:2      | Noticed Jessica
   563 | D:2      | Killed Jessica
   563 | D:2      | Reached XP level 3. HP: 28/28 MP: 3/3
   980 | D:2      | Found an ornate altar of the Wu Jian Council.
   980 | D:2      | Found a sacrificial altar of Ru.
   980 | D:2      | Found a hide-covered altar of Uskayaw.
   980 | D:2      | Noticed Terence
   990 | D:2      | Killed Terence
   990 | D:2      | Reached skill level 6 in Polearms
   990 | D:2      | Reached skill level 1 in Armour
   990 | D:2      | Reached XP level 4. HP: 33/34 MP: 4/4
  1037 | D:2      | Became a worshipper of Uskayaw the Reveler
  1232 | D:3      | Reached * piety under Uskayaw
  1265 | D:2      | Reached ** piety under Uskayaw
  1454 | D:3      | Noticed Natasha
  1462 | D:3      | Killed Natasha
  1498 | D:3      | Reached XP level 5. HP: 27/40 MP: 5/5
  1525 | D:3      | Noticed Natasha
  1539 | D:3      | Killed Natasha
  1545 | D:3      | Noticed Natasha
  1561 | D:3      | Killed Natasha
  1853 | D:3      | Reached skill level 7 in Polearms
  2231 | D:3      | Noticed Robin
  2374 | D:2      | Killed Robin
  2374 | D:2      | Reached XP level 6. HP: 47/47 MP: 6/6
  2765 | D:4      | Noticed Sigmund
  2791 | D:4      | Killed Sigmund
  2834 | D:4      | Noticed Blork the orc
  2968 | D:4      | Noticed Eustachio
  3004 | D:4      | Killed Eustachio
  3004 | D:4      | Reached skill level 8 in Polearms
  3004 | D:4      | Reached XP level 7. HP: 36/53 MP: 7/7
  3834 | D:5      | Entered Level 5 of the Dungeon
  3888 | D:5      | Reached skill level 9 in Polearms
  4005 | D:5      | Reached XP level 8. HP: 38/60 MP: 8/8
  4011 | D:5      | Found a sand-covered staircase.
  4060 | Ossuary  | Entered an ossuary
  4594 | Ossuary  | Reached *** piety under Uskayaw
  4885 | Ossuary  | Reached skill level 10 in Polearms
  5575 | D:5      | Reached skill level 5 in Fighting
  5932 | D:5      | Reached **** piety under Uskayaw
  5945 | D:5      | Reached ***** piety under Uskayaw
  6214 | D:5      | Reached skill level 11 in Polearms
  6245 | D:5      | Reached skill level 1 in Invocations
  6245 | D:5      | Reached XP level 9. HP: 65/68 MP: 9/9
  6596 | D:6      | Reached skill level 5 in Armour
  6889 | D:6      | Found a staircase to the Ecumenical Temple.
  6939 | D:6      | Found a basalt altar of Yredelemnul.
  7089 | D:6      | Found an opulent altar of Gozag.
  7577 | D:7      | Found Muadad's Book Shop.
  7682 | D:7      | Reached skill level 12 in Polearms
  9245 | D:9      | Reached XP level 10. HP: 77/77 MP: 12/12
  9260 | D:9      | Reached skill level 13 in Polearms
  9949 | D:9      | Reached skill level 1 in Evocations
 10261 | D:9      | Noticed Maurice
 10424 | D:9      | Found a staircase to the Lair.
 10625 | D:9      | Killed Maurice
 10689 | D:9      | Reached skill level 14 in Polearms
 11073 | D:10     | Entered Level 10 of the Dungeon
 11479 | D:10     | Noticed Harold
 11539 | D:10     | Killed Harold
 11539 | D:10     | Reached skill level 5 in Invocations
 11539 | D:10     | Reached XP level 11. HP: 37/84 MP: 14/14
 11866 | D:10     | Noticed Nergalle
 11901 | D:10     | Killed Nergalle
 13381 | D:10     | Reached ****** piety under Uskayaw
 14532 | D:11     | Noticed Snorg
 14543 | D:11     | Killed Snorg
 14593 | D:11     | Noticed a two-headed ogre
 14652 | D:11     | Killed a two-headed ogre
 15165 | D:11     | Found a staircase to the Orcish Mines.
 15178 | D:11     | Noticed Grum
 15210 | D:11     | Killed Grum
 15488 | D:11     | Found Soloit's Distillery.
 15491 | D:11     | Bought 2 potions of mutation for 224 gold pieces
 15491 | D:11     | Gained mutation: You possess an exceptional clarity of
                  | mind. [potion of mutation]
 15491 | D:11     | Gained mutation: You are partially covered in thin metallic
                  | scales. (AC +2) [potion of mutation]
 15491 | D:11     | Gained mutation: You evolve. [potion of mutation]
 15582 | D:11     | Noticed a red ugly thing
 15596 | D:11     | Killed a red ugly thing
 15829 | D:11     | Noticed a purple ugly thing
 15833 | D:11     | Noticed a manticore
 15841 | D:11     | Killed a purple ugly thing
 15844 | D:11     | Reached XP level 12. HP: 94/94 MP: 16/16
 15881 | D:11     | Noticed a centaur warrior
 15918 | D:11     | Killed a centaur warrior
 15954 | D:11     | Noticed a fire dragon
 16285 | D:11     | Reached skill level 15 in Polearms
 16628 | D:11     | Gained mutation: Your mind is acute. (Int +2) [evolution]
 16734 | D:11     | Noticed a four-headed hydra
 16735 | D:11     | Noticed a two-headed ogre
 16759 | D:11     | Killed a four-headed hydra
 16766 | D:11     | Killed a two-headed ogre
 16951 | D:11     | Noticed a spark wasp
 16966 | D:11     | Killed a spark wasp
 17336 | D:11     | Noticed an ogre mage
 17489 | D:11     | Killed an ogre mage
 17999 | Orc:1    | Entered Level 1 of the Orcish Mines
 18053 | D:11     | Reached skill level 10 in Armour
 18653 | D:11     | Lost mutation: Your mind is acute. (Int +2) [evolution]
 18676 | D:11     | Reached skill level 5 in Throwing
 18689 | D:11     | Noticed a centaur warrior
 18718 | D:11     | Killed a centaur warrior
 18718 | D:11     | Reached XP level 13. HP: 25/103 MP: 19/19
 19358 | D:11     | Learned a level 2 spell: Song of Slaying
 19361 | D:11     | Learned a level 2 spell: Blink
 19365 | D:11     | Learned a level 3 spell: Regeneration
 19400 | D:11     | Reached skill level 10 in Fighting
 19598 | D:12     | Found a shimmering blue altar of Sif Muna.
 19686 | D:12     | Found Inen's Antique Armour Shop.
 19695 | D:12     | Bought a runed cloak for 270 gold pieces
 20879 | Lair:1   | Entered Level 1 of the Lair of Beasts
 21018 | Lair:1   | Noticed Gastronok
 21051 | Lair:1   | Killed Gastronok
 21407 | Lair:1   | Paralysed by a floating eye for 2 turns
 21584 | Lair:1   | Found a hide-covered altar of Uskayaw.
 21942 | Lair:1   | Lost mutation: You possess an exceptional clarity of mind.
                  | [evolution]
 22092 | Lair:1   | Learned a level 1 spell: Apportation
 23096 | Lair:2   | Found a staircase to the Swamp.
 23783 | Lair:3   | Reached skill level 16 in Polearms
 24154 | Lair:3   | Got a transparent copper amulet
 24288 | Lair:3   | You fall into a shaft and drop 1 floor!
 25278 | Lair:4   | Reached skill level 1 in Shields
 25673 | Lair:3   | Gained mutation: You are robust. (+10% HP) [evolution]
 25777 | Lair:4   | Reached XP level 14. HP: 122/122 MP: 21/21
 26063 | Lair:4   | Identified the amulet "Zequffir" {Spirit Int+3} (You found
                  | it on level 3 of the Lair of Beasts)
 27097 | Lair:3   | Noticed Urug
 27130 | Lair:3   | Killed Urug
 27376 | Lair:3   | Found a staircase to the Snake Pit.
 29839 | Lair:5   | Reached skill level 10 in Invocations
 30167 | Lair:6   | Entered Level 6 of the Lair of Beasts
 32176 | Lair:6   | Found a runed translucent door.
 32179 | Lair:6   | Found a viscous altar of Jiyva.
 32180 | Lair:6   | Noticed an azure jelly
 32181 | Lair:6   | Noticed an azure jelly
 32465 | Lair:6   | Reached XP level 15. HP: 63/132 MP: 22/22
 34253 | Lair:6   | Noticed an azure jelly
 34254 | Lair:6   | Found a staircase to the Slime Pits.
 34877 | Orc:1    | Reached skill level 17 in Polearms
 35102 | Orc:1    | Found a bloodstained altar of Trog.
 35454 | Orc:1    | Found a roughly hewn altar of Beogh.
 35784 | Orc:2    | Entered Level 2 of the Orcish Mines
 36102 | Orc:2    | Found a roughly hewn altar of Beogh.
 36307 | Orc:2    | Found a staircase to the Elven Halls.
 36408 | Orc:2    | Found a roughly hewn altar of Beogh.
 36437 | Orc:2    | Found Zyttib's Gadget Shop.
 36513 | Orc:2    | Found a roughly hewn altar of Beogh.
 36648 | Orc:2    | Found Egeumoapp's Book Emporium.
 36828 | Orc:2    | Found a flickering gateway to a bazaar.
 36839 | Bazaar   | Entered a bazaar
 36839 | Bazaar   | Found Nesuaxoq's Assorted Antiques.
 36846 | Bazaar   | Found Hamibrel's Weapon Boutique.
 36876 | Bazaar   | Found Qirph's Antique Weapon Emporium.
 36879 | Bazaar   | Found Nadiv's Antique Armour Shoppe.
 36883 | Bazaar   | Found Onadir's Assorted Antiques.
 36892 | Bazaar   | Bought a sedimented grey potion for 21 gold pieces
 36892 | Bazaar   | Bought the +10 large shield of Ignorance {rN+ Int-4} for
                  | 1375 gold pieces
 36892 | Bazaar   | Found the +10 large shield of Ignorance {rN+ Int-4}
 36892 | Bazaar   | Bought a scroll of identify for 48 gold pieces
 37073 | Orc:2    | Found a roughly hewn altar of Beogh.
 37253 | Orc:2    | Found a roughly hewn altar of Beogh.
 37344 | Orc:2    | Noticed an orc warlord
 37412 | Orc:1    | Killed an orc warlord
 37825 | Orc:2    | Paralysed by an orc sorcerer for 5 turns
 37888 | Orc:2    | Found Ushroemar's Antique Weapon Emporium.
 37889 | Orc:2    | Found a roughly hewn altar of Beogh.
 37890 | Orc:2    | Found Cexun's Antique Armour Shoppe.
 37903 | Orc:2    | Bought a pair of glowing boots for 187 gold pieces
 37903 | Orc:2    | Bought a brightly glowing buckler for 237 gold pieces
 37903 | Orc:2    | Bought a faintly glowing chain mail for 237 gold pieces
 37920 | Orc:2    | Identified the +7 chain mail "Ufrom" {Str+6 Int-4} (You
                  | bought it in a shop on level 2 of the Orcish Mines)
 37958 | Orc:2    | Identified the +3 buckler of Niavvan {rElec rF+ Int-4} (You
                  | bought it in a shop on level 2 of the Orcish Mines)
 38280 | Swamp:1  | Entered Level 1 of the Swamp
 38314 | Swamp:1  | Reached skill level 5 in Shields
 38390 | Swamp:1  | Noticed a thorn hunter
 38430 | Swamp:1  | Killed a thorn hunter
 39082 | Lair:2   | Gained mutation: You expend magic power (3 MP) to
                  | strengthen your wands. [evolution]
 39831 | Swamp:1  | Reached skill level 1 in Axes
 39831 | Swamp:1  | Noticed Jorgrun
 39862 | Swamp:1  | Killed Jorgrun
 40214 | Swamp:1  | Reached XP level 16. HP: 125/141 MP: 24/24
 40572 | Lair:2   | HP: 5/141 [shambling mangrove (12)]
 40573 | Lair:2   | Mangled by a shambling mangrove

Levels and vault maps discovered:
D:1:      giann_horns, layout_basic
D:2:      layout_loops_cross, chequers_temple_overflow_statue_of_worship,
          uniq_terence, uniq_jessica
D:3:      layout_rooms, minmay_misc_feat_hallway, uniq_robin, uniq_natasha
D:4:      minmay_door_path, layout_basic, first_ration, uniq_sigmund,
          uniq_eustachio, uniq_blork_the_orc
D:5:      layout_basic, enter_ossuary_2, minmay_small_thing
D:6:      layout_loops_cross, nicolae_overflow_hidden_temple,
          minmay_temple_entry_butterflies, yredelemnul_altar_generic
D:7:      layout_rooms, serial_shops, shop
D:8:      layout_loops_corners
D:9:      layout_roguey, dpeg_oklobed_lair, uniq_maurice
D:10:     layout_irregular_city, the_bakery, grunt_decor_one_mirror,
          lemuel_flamethrower_hall, uniq_nergalle, uniq_harold
D:11:     minmay_the_grid_square_5x5_5x5_mashed
          [minmay_the_grid_square_5x5_shrine2, minmay_the_grid_square_5x5_mess,
          minmay_the_grid_square_5x5_dogpile, minmay_the_grid_square_5x5_v,
          minmay_the_grid_square_5x5_minivault,
          minmay_the_grid_square_5x5_doubleslash,
          minmay_the_grid_square_5x5_prize_pseudospiral,
          minmay_the_grid_square_5x5_longway,
          minmay_the_grid_square_5x5_prize_itemx,
          minmay_the_grid_square_5x5_fancy_junction,
          minmay_the_grid_square_5x5_checkered_sparse,
          minmay_the_grid_square_5x5_two_small,
          minmay_the_grid_square_5x5_prize_gold,
          minmay_the_grid_square_5x5_bite, minmay_the_grid_square_5x5_hourglass,
          minmay_the_grid_square_5x5_inner_z,
          minmay_the_grid_square_5x5_prize_snowflake,
          minmay_the_grid_square_5x5_trominoes,
          minmay_the_grid_square_5x5_prize_deathbox,
          minmay_the_grid_square_5x5_spiral,
          minmay_the_grid_square_5x5_shuriken, minmay_the_grid_square_5x5_n,
          minmay_the_grid_square_5x5_three_small,
          minmay_the_grid_square_5x5_empty, minmay_the_grid_square_5x5_inner_i],
          layout_layer_cave, serial_shops, kennysheep_mini_moat, uniq_grum,
          uniq_snorg
D:12:     wander_kiku_kobolds, layout_irregular_city, basic_altar, serial_shops,
          nicolae_shop_overgrown_old_shop
Lair:1:   layout_chaotic_city, basic_altar, small_statue_intersection,
          st_stairs_3, disabler_island, uniq_gastronok
Lair:2:   layout_gridlike, swamp_mist, beast_lair_carwin_11
Lair:3:   layout_loops_ring, dummy_snake_entry, uniq_urug
Lair:4:   layout_cave_pods, serial_bayou_pond_b, nicolae_quartered_pool_medium,
          bobbens_dragon_lair_wall, grunt_megastairs_5, lemuel_fruit_fields
Lair:5:   layout_small_grid, minivault_24
Lair:6:   evilmike_catoblepas_cave, layout_small_grid, slime_altar_2,
          serial_rivers, chequers_serial_rivers_large_b,
          chequers_serial_rivers_micro_b, chequers_serial_rivers_small_b,
          chequers_serial_rivers_room_a, chequers_serial_rivers_room_a,
          infiniplex_staircase_pool
Swamp:1:  layout_basic_swamp, evilmike_swamp_ruin_house_3, swamp_pool3,
          nicolae_swamp_fairy_circle, st_swamp_ruins_2, uniq_jorgrun
Orc:1:    layout_caves, basic_altar, trog_butcher_becter
Orc:2:    grunt_orc_community_town_hall, layout_caves,
          grunt_orc_community_big_house_1, grunt_orc_community_big_house_1,
          grunt_orc_community_house_1, grunt_orc_community_house_1,
          grunt_orc_community_house_3, grunt_orc_community_house_2,
          serial_shops, bzr_entry_water

Skill      XL: |  1  2  3  4  5  6  7  8  9 10 11 12 13 14 15 |
---------------+----------------------------------------------+-----
Polearms       | 5 6 7 8 9 11 12 14 15 16 17 | 17.1
Armour         | 1 2 3 4 5 7 8 10 12 13 14 | 14.3
Fighting       | 3 4 5 6 7 8 9 10 11 12 | 12.8
Invocations    | 1 3 5 6 8 9 10 11 | 11.0
Evocations     | 1 2 |  2.6
Throwing       | 3 4 5 6 7 8 |  8.1
Shields        | 1 3 7 |  7.5
Axes           | 1 |  1.3
Dodging        | |  4.2

Action                   |  1- 3 |  4- 6 |  7- 9 | 10-12 | 13-15 | 16-18 || total
-------------------------+-------+-------+-------+-------+-------+-------++-------
Melee: Trident           |    65 |   211 |   853 |  1074 |  2565 |    53 ||  4821
       Tailslap          |       |       |       |       |     7 |       ||     7
       Hand axe          |       |       |       |       |    28 |       ||    28
Throw: Dart              |     1 |     6 |     4 |    58 |   232 |       ||   301
       Javelin           |       |       |    15 |     8 |     7 |       ||    30
       Boomerang         |       |       |       |     2 |    11 |       ||    13
 Cast: Apportation       |       |       |       |       |     2 |       ||     2
Evoke: Wand              |       |       |     4 |    21 |       |       ||    25
       Phial of floods   |       |       |       |     2 |       |       ||     2
       Lamp of fire      |       |       |       |       |     1 |       ||     1
       Sack of spiders   |       |       |       |       |     1 |       ||     1
  Use: Potion            |       |     4 |       |     7 |     2 |     1 ||    14
       Scroll            |       |       |    16 |     5 |    12 |     2 ||    35
 Stab: Paralysed         |       |       |     6 |    49 |   152 |     4 ||   211
       Distracted        |       |       |       |     1 |       |       ||     1
       Sleeping          |       |       |       |       |     1 |       ||     1
  Eat: Chunk             |       |     6 |    15 |    22 |    53 |       ||    96
       Ration            |       |       |     2 |     4 |     4 |       ||    10
Armor: Ring mail         |    10 |     1 |     1 |       |       |       ||    12
       Leather armour    |     1 |       |       |       |       |       ||     1
       Scale mail        |       |    47 |       |    89 |   117 |       ||   253
       Skin              |       |    11 |       |       |    27 |       ||    38
       Chain mail        |       |     9 |   264 |    88 |       |       ||   361
       Plate armour      |       |       |       |   305 |   812 |       ||  1117
       Swamp dragon scal |       |       |       |       |   167 |    23 ||   190
Dodge: Dodged            |    36 |   110 |   214 |   301 |   683 |    14 ||  1358
Block: Buckler           |       |       |       |       |   235 |       ||   235
       Large shield      |       |       |       |       |   496 |    89 ||   585
